 Dungeon Crawl Stone Soup version 0.31-a0-851-g7ff8af7976 (webtiles) character file.

Game seed: 15130464600604943245

340 Gladio the Ruffian (level 6, -2/56 HPs)
             Began as a Naga Shapeshifter on Oct 5, 2023.
             Killed from afar by an orc wizard (7 damage)
             ... with a magic dart
             ... on level 4 of the Dungeon.
             The game lasted 00:08:22 (2880 turns).

Gladio the Ruffian (Naga Shapeshifter)              Turns: 2880, Time: 00:08:23

Health: -2/56      AC:  3    Str: 18    XL:     6   Next: 56%
Magic:  6/6        EV: 10    Int: 11    God:
Gold:   164        SH:  0    Dex: 10    Spells: 5/5 levels left

rFire   . .          .
                       - Unarmed
rCold   . . .        (no shield)
rNeg    . . .        a - +0 animal skin
rPois   +            b - melded +0 helmet
rElec   .            (cloak currently unavailable)
rCorr   .            (gloves currently unavailable)
SInv    +            (no barding)
Will    +....        (no amulet)
Stlth   +            f - ring of willpower
HPRegen 0.29/turn    (no ring)
MPRegen 0.10/turn

%: no passive effects
@: short of breath, beast-form, very slow
A: beast (slay +2), AC +2, large, see invisible, deformed body, poison
resistance, slowness 2, spit poison 1, naga tail 1
a: Spit Poison, Begin Untransformation


You were on level 4 of the Dungeon.
You were a hulking beast.
You visited 1 branch of the dungeon, and saw 4 of its levels.

You collected 164 gold pieces.

Inventory:

Armour
 a - a +0 animal skin (worn)
 b - a +0 helmet (melded)
 p - a +0 leather armour
Jewellery
 f - a ring of willpower (left hand)
 v - a ring of resist corrosion
Talismans
 c - a beast talisman (active)
 d - a flux talisman
Wands
 u - a wand of paralysis (14)
Scrolls
 g - 3 scrolls of identify {unknown}
 h - a scroll of enchant weapon {unknown}
 l - 2 scrolls of fog {unknown}
 n - a scroll of immolation {unknown}
 o - a scroll of summoning {unknown}
 q - a scroll of acquirement {unknown}
 r - a scroll of fear {unknown}
 s - a scroll of teleportation {unknown}
 t - a scroll of silence {unknown}
Potions
 e - a potion of curing {unknown}
 i - a potion of resistance {unknown}
 j - 2 potions of haste {unknown}
 k - 2 potions of might {unknown}
 m - a potion of heal wounds {unknown}


   Skills:
 * Level 3.4 Fighting
 + Level 2.5 Dodging
 * Level 4.4 Unarmed Combat
 * Level 4.3 Shapeshifting


You had 5 spell levels left.
You didn't know any spells.
Your spell library contained the following spells:

 Spells                   Type           Power      Damage    Failure   Level
 Magic Dart               Conj           0%         1d3       34%         1
 Searing Ray              Conj           0%         2d4       47%         2
 Frozen Ramparts          Ice            0%         1d1       71%         3
 Animate Dead             Necr           0%         N/A       98%         4
 Fulminant Prism          Conj/Hex       0%         3d5       98%         4
 Petrify                  Tmut/Erth      0%         N/A       98%         4
 Vhi's Electric Charge    Tloc/Air       0%         N/A       98%         4
 Arcjolt                  Conj/Air       0%         1d10      100%        5
 Metabolic Englaciation   Hex/Ice        0%         N/A       100%        5
 Eringya's Noxious Bog    Tmut/Pois      0%         4d6       100%        6
 Haunt                    Necr/Summ      0%         N/A       100%        7
 Ozocubu's Refrigeration  Ice            0%         4d7       100%        7
 Infestation              Necr           0%         N/A       100%        8
 Maxwell's Capacitive Co  Air            0%         ∞         100%        8


Dungeon Overview and Level Annotations

Branches:
Dungeon (4/15)
 Temple: D:4-7

Altars:

Annotations:
D:3 2 transporters, Omnilove's ghost, amateur SpEn


Innate Abilities, Weirdness & Mutations

You are a hulking beast.
Your limbs bulge with bestial killing power. (Slay +2)
Your serpentine skin is tough. (AC +2)
You have supernaturally acute eyesight. (SInv)
Armour fits poorly on your strangely shaped body.
Your system is resistant to poisons. (rPois)
You cover ground very slowly.
You can spit poison.
You have a snake-like lower body.


Message History

Aiming: Paralyse
Press: ? - help, Q - select action, (/) - cycle Shift-Dir - straight line, f - orc priest
Aim: an orc priest, wielding a +0 morningstar and wearing a +0 ring mail (chance to affect: 49%)
The orc priest suddenly stops moving!
The orc hits you with a +1 short sword of speed.
* * * LOW HITPOINT WARNING * * *
The orc misses you. The orc wizard misses you.
You closely miss the orc wizard.
The orc hits you with a +1 short sword of speed.
* * * LOW HITPOINT WARNING * * *
The orc wizard hits you but does no damage.
You closely miss the orc wizard. The orc misses you.
The orc hits you but does no damage.
You hit the orc wizard.
The orc wizard is lightly wounded.
The orc wizard closely misses you. The orc hits you but does no damage.
You hit the orc wizard.
The orc wizard is lightly wounded.
The orc wizard hits you but does no damage.
The orc hits you but does no damage.
Aiming: Spit Poison (1% risk of failure)
Press: ? - help, Shift-Dir - straight line, f/p - orc priest
Aim: an orc priest, wielding a +0 morningstar and wearing a +0 ring mail (paralysed, 100% to hit)
The splash of poison hits the orc priest!
The orc priest is poisoned.
The orc priest is heavily wounded.
The orc barely misses you.
The orc wizard hits you with a +0 dagger.
* * * LOW HITPOINT WARNING * * *
The orc hits you with a +1 short sword of speed.
* * * LOW HITPOINT WARNING * * *
You hit the orc wizard.
The orc wizard is moderately wounded.
The orc wizard barely misses you. The orc barely misses you.
You hit the orc wizard. Your punch misses the orc wizard.
The orc wizard is severely wounded.
The orc misses you.
The orc wizard points at you and mumbles some strange words.
The magic dart hits you!
You die...

#...#######........
#..................
#.########.........
#.# #.........
####.### ###.......
#......#####
#........
#.#........#
#........
#.......##.#
#........ ##...h$.#
..........
#..o.o...............
#......#######.......
#......# ##.....#
##..o.>. #.#####
#.....## ... #.....#
#.# #...###


You could see an orc priest (paralysed, poisoned), an orc wizard and an orc.

Vanquished Creatures
  A scorpion (D:4)
  An orc priest (D:3)
  Jessica (D:3)
  Natasha (D:4)
  Ijyb (D:3)
  Terence (D:3)
  Robin (D:2)
  6 adders
  A dart slug (D:1)
  6 orcs
  5 ball pythons
  7 endoplasms
  A giant cockroach (D:1)
  12 goblins
  10 hobgoblins
  2 quokkas (D:1)
  6 bats
  3 frilled lizards
  5 kobolds
  6 rats
77 creatures vanquished.

Notes
Turn   | Place    | Note
-------+----------+-------------------------------------------
     0 | D:1      | Gladio the Naga Shapeshifter began the quest for the Orb.
     0 | D:1      | Reached XP level 1. HP: 18/18 MP: 1/1
   235 | D:1      | Reached XP level 2. HP: 25/25 MP: 2/2
   667 | D:1      | Reached XP level 3. HP: 32/32 MP: 3/3
  1035 | D:2      | Got a graven book
  1045 | D:2      | Reached XP level 4. HP: 35/39 MP: 4/4
  1179 | D:2      | Noticed Robin
  1203 | D:2      | Killed Robin
  1614 | D:3      | Found a transporter.
  1621 | D:3      | Noticed Omnilove's ghost (amateur SpEn)
  1636 | D:3      | Found a transporter.
  1636 | D:3      | Noticed Jessica
  1647 | D:3      | Killed Jessica
  1648 | D:3      | Reached XP level 5. HP: 33/46 MP: 5/5
  1870 | D:3      | Noticed Ijyb
  1870 | D:3      | Paralysed by Ijyb for 5 turns
  1886 | D:3      | Paralysed by Ijyb for 2 turns
  1892 | D:3      | Killed Ijyb
  2156 | D:3      | Noticed Terence
  2176 | D:3      | Killed Terence
  2320 | D:3      | Reached XP level 6. HP: 55/56 MP: 6/6
  2860 | D:4      | Noticed Natasha
  2871 | D:4      | Killed Natasha
  2880 | D:4      | Killed from afar by an orc wizard

Illustrated notes

Levels and vault maps discovered:
D:1:      tarquinn_simple_flora_water_c, layout_loops_ring
D:2:      layout_rooms, eino_curves_04, kennysheep_generic_room_8, uniq_robin
D:3:      layout_basic, gammafunk_ghost_arena, uniq_terence, uniq_ijyb,
          uniq_jessica
D:4:      layout_rooms, ebering_ghost_sewer_d, serial_shops,
          nicolae_take_the_stairs, minmay_manual_maat, uniq_natasha,
          uniq_blork_the_orc

Skill      XL: |  1  2  3  4  5 |
---------------+----------------+-----
Fighting       | 2 3 |  3.4
Dodging        | 2 |  2.5
Unarmed Combat | 4 |  4.4
Shapeshifting  | 4 |  4.3

Action                     |  1- 3 |  4- 6 || total
---------------------------+-------+-------++-------
  Melee: Unarmed           |    62 |   126 ||   188
         Punch             |     2 |     4 ||     6
Ability: Spit Poison       |    15 |    32 ||    47
         Begin Untransform |       |     1 ||     1
  Evoke: Wand              |       |     2 ||     2
    Use: Potion            |       |     1 ||     1
 Armour: Animal skin       |    60 |    87 ||   147
         Skin              |       |    32 ||    32
  Dodge: Dodged            |    33 |    59 ||    92
   Form: Beast             |       |     1 ||     1

Table legend: (Time is in decaauts)
 A = Elapsed time spent in this place.
 B = Non-inter-level travel time spent in this place.
 C = Inter-level travel time spent in this place.
 D = Time resting spent in this place.
 E = Time spent auto-exploring this place.
 F = Levels seen in this place.
 G = Mean time per level.
                   A        B        C        D        E       F      G
               +--------+--------+--------+--------+--------+-----+--------+
         Total |   3553 |   3421 |    132 |      0 |   2834 |   4 |  888.2 |
       Dungeon |   3553 |   3421 |    132 |      0 |   2834 |   4 |  888.2 |
               +--------+--------+--------+--------+--------+-----+--------+

Top non-repeatable levels by time:
     D:3: 1361 daAuts
     D:1: 1189 daAuts
     D:2: 805 daAuts
     D:4: 197 daAuts
